 Dungeon Crawl Stone Soup version 0.28.0-53-g5a82cb258f (webtiles) character file.

Game seed: 4084283349471924332

42 Gabide the Sneak (level 3, -2/30 HPs)
             Began as a Barachi Delver on May 27, 2022.
             Slain by a howler monkey (5 damage)
             ... on level 4 of the Dungeon.
             The game lasted 00:01:32 (388 turns).

Gabide the Sneak (Barachi Delver)                    Turns: 388, Time: 00:01:32

Health: -2/30      AC:  3    Str: 15    XL:     3   Next: 54%
Magic:  3/3        EV: 12    Int: 10    God:
Gold:   0          SH:  0    Dex: 13    Spells: 2/2 levels left

rFire   . . .      SeeInvis .   (no weapon)
rCold   . . .      Faith    .   (no shield)
rNeg    . . .      Spirit   .   b - +0 leather armour
rPois   .          Reflect  .   (no helmet)
rElec   .          Harm     .   (no cloak)
rCorr   .          Rampage  .   (no gloves)
Will    .....                   (no boots)
Stlth   +++.......              (no amulet)
HPRegen 0.10/turn               (no ring)
MPRegen 0.08/turn               (no ring)

@: unable to hop, slow
A: amphibious, slowness 1, strong legs 1, +LOS
a: Hop


You were on level 4 of the Dungeon.
You visited 1 branch of the dungeon, and saw 2 of its levels.

Inventory:

Hand Weapons
 a - a +0 falchion
Armour
 b - a +0 leather armour (worn)
Wands
 g - a wand of digging (3)
Scrolls
 c - a scroll of fog
 d - a scroll of magic mapping
 e - a scroll of fear


   Skills:
 - Level 4.0 Fighting
 + Level 3.1 Long Blades
 + Level 2.8 Dodging
 + Level 4.9 Stealth


You had 2 spell levels left.
You didn't know any spells.
Your spell library was empty.

Dungeon Overview and Level Annotations

Branches:
Dungeon (5/15)
 Temple: D:4-7

Altars:

Annotations:
D:5 exclusion: scorpion


Innate Abilities, Weirdness & Mutations

You are amphibious.
You cover ground slowly.
You can hop short distances.
You have an extended range of vision and can be seen from far away.


Message History

You hit the scorpion zombie.
The scorpion zombie is severely damaged.
The scorpion zombie hits you.
* * * LOW HITPOINT WARNING * * *
Hop to where?
Press: ? - help, Dir - move target Boing!
You are now empty-handed.
Okay, then.
You feel yourself speed up. The scorpion zombie hits you.
* * * LOW HITPOINT WARNING * * *
You open the door.
There is an open door here.
Found a leather armour and 9 gold pieces.
An iguana comes into view.
Found a stone staircase leading down.
The adder hisses angrily.
There is a stone staircase leading up here.
You climb upwards.
The howler monkey howls!
The goblin shouts!
The endoplasm quivers.
There is a stone staircase leading down here.
The howler monkey hoots and howls with incredible vigour!
Your extra speed is starting to run out.
The howler monkey hoots and howls with incredible vigour!
You feel yourself slow down.
The howler monkey hoots and howls with incredible vigour!
Found a stone staircase leading up.
The howler monkey hoots and howls with incredible vigour!
The howler monkey hoots and howls with incredible vigour!
An adder skeleton comes into view.
The howler monkey hoots and howls with incredible vigour!
The howler monkey hits you.
* * * LOW HITPOINT WARNING * * *
The howler monkey barely misses you.
A quokka comes into view.
The quokka moves out of view.
There is a stone staircase leading up here.
The howler monkey hits you.
You die...

...W ... #......# ...
... #......# ... ##..
#..h...# ..##...
#......### .....#
#..>.....## ....#
#.........# . ...##
#.Z..J...## .. #...#
#Z......#.# ...#
#@.g###r....###.#
.....
#h....J....###..#
#....##.......###....#
#...................#
###.................#
##.....#..........#
#......##...h.#..#
#..##....###..##..#
#.# ####...#..#...#


You could see a phantom, a howler monkey, an endoplasm and a goblin.

Vanquished Creatures
  A bullfrog zombie (D:5)
  A hound skeleton (D:5)
2 creatures vanquished.

Notes
Turn   | Place    | Note
-------+----------+-------------------------------------------
     0 | D:5      | Gabide the Barachi Delver began the quest for the Orb.
     0 | D:5      | Reached XP level 1. HP: 18/18 MP: 1/1
    29 | D:5      | Reached XP level 2. HP: 18/25 MP: 2/2
   129 | D:5      | Noticed a scorpion
   154 | D:5      | Reached XP level 3. HP: 14/30 MP: 3/3
   338 | D:5      | HP: 1/30 [scorpion zombie (5)]
   388 | D:4      | Noticed a phantom
   388 | D:4      | Slain by a howler monkey

Illustrated notes

Levels and vault maps discovered:
D:4:      layout_layer_cave, solitary_fountain
D:5:      layout_basic

Skill      XL: |  1  2 |
---------------+-------+-----
Fighting       | 4 |  4.0
Long Blades    | 3 |  3.1
Dodging        | |  2.8
Stealth        | |  4.9

Action                   || total
-------------------------++-------
Melee: Falchion          ||    29
 Abil: Hop               ||     1
  Use: Potion            ||     1
Armor: Leather armour    ||     6
Dodge: Dodged            ||    22
